 Dungeon Crawl Stone Soup version 0.22-a0-298-g92d99f377c (webtiles) character file.

210 Infinimo the Vexing (level 5, -1/28 HPs)
             Began as a Deep Elf Enchanter on Mar 25, 2018.
             Killed from afar by a white imp (11 damage)
             ... with a puff of frost
             ... summoned by Natasha
             ... on level 3 of the Dungeon.
             The game lasted 00:04:54 (2654 turns).

Infinimo the Vexing (Deep Elf Enchanter)            Turns: 2654, Time: 00:04:54

Health: -1/28      AC:  3    Str:  5    XL:     5   Next: 57%
Magic:  13/13      EV: 13    Int: 21    God:
Gold:   98         SH:  0    Dex: 15    Spells: 3/12 levels left

rFire    . . .     SeeInvis .   a - +1 dagger
rCold    . . .     Gourm    .   (no shield)
rNeg     . . .     Faith    .   b - +0 robe
rPois    .         Spirit   .   (no helmet)
rElec    .         Reflect  .   x - +0 cloak
rCorr    .         Harm     .   (no gloves)
MR       .....                  (no boots)
Stlth    +++.......             (no amulet)
HPRegen  0.09/turn              (no ring)
MPRegen  0.13/turn              (no ring)

@: no status effects
A: no striking features
a: no special abilities


You were on level 3 of the Dungeon.
You were very hungry.

You visited 1 branch of the dungeon, and saw 3 of its levels.

You collected 98 gold pieces.

Inventory:

Hand Weapons
 a - a +1 dagger (weapon)
Armour
 b - a +0 robe (worn)
 x - a +0 cloak (worn)
Jewellery
 c - an uncursed ring of positive energy {unknown}
 o - an uncursed amulet of rage {unknown}
Scrolls
 f - a scroll of enchant weapon {unknown}
 g - a scroll of teleportation {unknown}
 h - 3 scrolls of remove curse {unknown}
 j - a scroll of fog {unknown}
 k - a scroll of fear {unknown}
 l - a scroll of immolation {unknown}
 m - 6 scrolls of identify {unknown}
 n - a scroll of magic mapping {unknown}
 w - a scroll of random uselessness {unknown}
Potions
 e - 3 potions of heal wounds {unknown}
 i - 3 potions of haste {unknown}
 p - a potion of curing {unknown}
 q - 2 potions of ambrosia {unknown}
 r - a potion of magic {unknown}
 s - 2 potions of lignification {unknown}
 t - a potion of berserk rage {unknown}
 v - a potion of agility {unknown}
Comestibles
 d - 6 rations


   Skills:
 + Level 2.5 Short Blades
 - Level 2.4 Dodging
 + Level 4.8 Stealth
 + Level 4.4 Spellcasting
 * Level 6.1 Hexes


You had 3 spell levels left.
You knew the following spells:

 Your Spells              Type           Power        Failure   Level  Hunger
a - Corona                Hex            ####...      1%          1    None
b - Ensorcelled Hibernat  Hex/Ice        ###...       4%          2    #......
c - Confuse               Hex            ####....     2%          3    ##.....
d - Tukima's Dance        Hex            ####....     2%          3    ##.....


Dungeon Overview and Level Annotations

Branches:
Dungeon (3/15)

Altars:
Dithmenos

Annotations:
D:3 Natasha


Message History

Aiming: Ensorcelled Hibernation (safe; 4% risk of failure)
Press: ? - help, Shift-Dir - straight line, f/p - Natasha
Aim: Natasha (chance to defeat MR: 48%) Natasha looks drowsy...
The iron imp hits you!
Natasha hisses angrily.
You are feeling very hungry.
The iron imp hits you!
* * * LOW HITPOINT WARNING * * *
Natasha zaps a wand.
You resist with some effort.
It is a wand of polymorph (9).
Natasha mumbles some strange words.
Natasha zaps a wand.
You resist with some effort.
Natasha mumbles some strange words.
You see here a mace.
The iron imp disappears in a puff of smoke!
The white imp lashes its tail.
The white imp gestures at you. The puff of frost hits you!
You die...

######..........(....
.............#######.
#######.##...#
#.###.## #.###.####
#........# #.###.##.#
#.....##.##########
#.######..@.....5.#
#######.#
##########h#########
#.......# #(....5.h..
>.......# ##########)
#.####..# #. †..#
#(.# #5 ...###..# #5
.....#..# #.
........### #h


You could see Natasha and a white imp.

Vanquished Creatures
  Crazy Yiuf (D:2)
  Natasha (twice) (D:2 D:3)
  A worker ant (D:2)
  2 adders
  3 gnolls (D:2)
  An ooze (D:2)
  A dart slug (D:1)
  A worm (D:2)
  5 orcs (D:3)
  A ball python (D:1)
  9 bats
  A giant cockroach (D:3)
  8 goblins
  2 hobgoblins
  4 kobolds
  A quokka (D:3)
  6 frilled lizards
  4 rats
53 creatures vanquished.

Notes
Turn   | Place    | Note
-------+----------+-------------------------------------------
     0 | D:1      | Infinimo the Deep Elf Enchanter began the quest for the Orb.
     0 | D:1      | Reached XP level 1. HP: 10/10 MP: 6/6
   516 | D:1      | Reached XP level 2. HP: 15/15 MP: 8/8
   852 | D:1      | Learned a level 2 spell: Ensorcelled Hibernation
  1091 | D:2      | Noticed Natasha
  1097 | D:2      | Killed Natasha
  1097 | D:2      | Reached XP level 3. HP: 12/19 MP: 0/10
  1304 | D:2      | Reached skill level 5 in Hexes
  1311 | D:2      | Reached XP level 4. HP: 23/24 MP: 3/11
  1579 | D:2      | Found a runed door.
  1759 | D:2      | Learned a level 3 spell: Confuse
  1763 | D:2      | Learned a level 3 spell: Tukima's Dance
  1952 | D:2      | Noticed Crazy Yiuf
  1957 | D:2      | Killed Crazy Yiuf
  1957 | D:2      | Reached XP level 5. HP: 28/28 MP: 10/13
  2180 | D:3      | Found a shadowy altar of Dithmenos.
  2274 | D:3      | Noticed Natasha
  2530 | D:3      | Killed Natasha
  2530 | D:3      | Reached skill level 6 in Hexes
  2622 | D:3      | Noticed Natasha
  2654 | D:3      | Killed from afar by a white imp

Vault maps used:
D:1:      tarquinn_simple_flora_water_d, minmay_tromino_i2
D:2:      uniq_natasha, uniq_crazy_yiuf_cottage
D:3:      nicolae_overflow_hidden_temple

Skill      XL: |  1  2  3  4  5 |
---------------+----------------+-----
Stealth        | 4 |  4.8
Hexes          | 5 6 |  6.1
Short Blades   | 2 |  2.5
Spellcasting   | 4 |  4.4
Dodging        | |  2.4

Action                   |  1- 3 |  4- 6 || total
-------------------------+-------+-------++-------
Melee: Dagger            |    58 |    58 ||   116
       Unarmed           |       |     1 ||     1
 Cast: Corona            |     8 |       ||     8
       Ensorcelled Hiber |     8 |    35 ||    43
 Stab: Sleeping          |    10 |    27 ||    37
  Eat: Chunk             |     1 |     4 ||     5
Armor: Robe              |    18 |    13 ||    31
Dodge: Dodged            |    39 |    41 ||    80

Table legend:
 A = Spawn XP
 B = Non-spawn XP
 C = Spawn XP percentage of total XP
 D = Spawn monster count
 E = Non-spawn monster count
 F = Spawn count percentage of total count
 G = Total turns spent on level
                    A         B        C        D         E        F      G
               +---------+---------+-------+---------+---------+-------+---------
         Total |       0 |     301 |   0.0 |       0 |      53 |   0.0 |  2654
               +---------+---------+-------+---------+---------+-------+---------
           D:1 |       0 |      27 |   0.0 |       0 |      16 |   0.0 |  1007
           D:2 |       0 |     194 |   0.0 |       0 |      20 |   0.0 |   996
           D:3 |       0 |      80 |   0.0 |       0 |      17 |   0.0 |   651
               +---------+---------+-------+---------+---------+-------+---------
